 Dungeon Crawl Stone Soup version 0.25.0-1-g7eea58d2a3 (webtiles) character file.

Game seed: 8952149167408527988

3597 Dirian the Carver (level 9, -4/78 HPs)
             Began as a Minotaur Fighter on June 14, 2020.
             Was the Champion of Jiyva.
             Slain by a freezing wraith (8 damage)
             ... on level 9 of the Dungeon.
             The game lasted 00:15:09 (7902 turns).

Dirian the Carver (Minotaur Fighter)                Turns: 7902, Time: 00:15:10

Health: -4/78      AC: 13    Str: 25    XL:     9   Next: 85%
Magic:  4/8        EV:  7    Int:  8    God:    Jiyva [******]
Gold:   300        SH: 16    Dex:  6    Spells: 8/8 levels left

rFire    + . .     SeeInvis .   a - +0 long sword
rCold    . . .     Gourm    .   c - +1 kite shield
rNeg     . . .     Faith    .   m - +0 chain mail
rPois    .         Spirit   .   (helmet restricted)
rElec    .         Reflect  .   l - +0 cloak
rCorr    +         Harm     .   (no gloves)
MR       .....                  s - +0 pair of boots
Stlth    ..........             (no amulet)
HPRegen  0.23/turn              g - ring of stealth
MPRegen  0.11/turn              w - ring of protection from fire

@: slimy (expiring)
A: retaliatory headbutt, horns 2, talons 1, large bone plates 1
a: Request Jelly, Slimify, Cure Bad Mutation, Renounce Religion


You were on level 9 of the Dungeon.
You worshipped Jiyva.
Jiyva was exalted by your worship.
You were completely stuffed.

You visited 1 branch of the dungeon, and saw 9 of its levels.
You also visited: Sewer.

You collected 300 gold pieces.

Inventory:

Hand Weapons
 a - a +0 long sword (weapon)
Armour
 c - a +1 kite shield (worn)
 k - a +0 plate armour
 l - a +0 cloak (worn)
 m - a +0 chain mail (worn)
 s - a +0 pair of boots (worn)
Jewellery
 g - a ring of stealth (left hand)
 p - an uncursed ring of ice
 w - a ring of protection from fire (right hand)
Wands
 b - a wand of flame (11)
 d - a wand of iceblast (1)
 v - a wand of clouds (5)
Scrolls
 f - 3 scrolls of amnesia
 n - a scroll of magic mapping
 r - 4 scrolls of identify
 x - 2 scrolls of remove curse
 y - a scroll of enchant armour
Potions
 h - a potion of haste
 i - 2 potions of flight
 j - a potion of berserk rage
 o - a potion of stabbing
 q - a potion of curing
Comestibles
 e - 7 rations
 t - 5 chunks of flesh


   Skills:
 + Level 6.7 Fighting
 * Level 11.8 Long Blades
 + Level 7.9 Armour
 + Level 8.9 Shields


You had 8 spell levels left.
You didn't know any spells.
Your spell library contained the following spells:

 Spells                   Type           Power        Failure   Level  Hunger
 Beastly Appendage        Tmut           #.....       99%         1    ##.....
 Sticks to Snakes         Tmut           #.......     100%        2    ###....
 Spider Form              Tmut/Pois      #.........   100%        3    ####...
 Ice Form                 Ice/Tmut       #.......     100%        4    #####..
 Blade Hands              Tmut           #.........   100%        5    ######.


Dungeon Overview and Level Annotations

Branches:
Dungeon (9/15)             Temple (0/1) D:5           Sewer (visited)
   Lair: D:8-11         Orc: D:9-12

Altars:
Qazlal
Jiyva


Innate Abilities, Weirdness & Mutations

You reflexively headbutt those who attack you in melee.
You have a pair of horns on your head.
You have sharp toenails.
You are partially covered in large bone plates. (SH +4)


Message History

Something drains your acid blob's vigour!
Your acid blob seems to slow down.
Something hits your acid blob! Something freezes your acid blob!
Something hits your acid blob. Something hits your acid blob.
Something freezes your acid blob!!
Your acid blob dies!
A thick mucus forms on your +0 long sword.
The freezing wraith hits you.
* * * LOW HITPOINT WARNING * * *
The freezing wraith freezes you!
* * * LOW HITPOINT WARNING * * *
You block the freezing wraith's attack.
You hit the freezing wraith but do no damage.
You headbutt the freezing wraith.
The freezing wraith is moderately damaged.
You slash the freezing wraith!
Your headbutt misses the freezing wraith.
The freezing wraith is heavily damaged.
The freezing wraith hits you!
You die...

## #+### #.##
$$$$$# #@#
#$$$$.#
#W##WY$$...
#.....# #Y#.#
#.....# ##.##
#.....###+###
#.....##..#.#
##.....#.##.##
#......+##)##+
#......##.##.#


You could see a freezing wraith and an ice beast.

Vanquished Creatures
  A two-headed ogre (D:9)
  A hornet (D:9)
  3 hippogriffs
  A hungry ghost (D:7)
  3 sky beasts
  An ogre (D:5)
  2 centaurs (D:8)
  4 bullfrogs
  2 gnoll sergeants
  2 scorpions (D:7)
  A wyvern skeleton (D:5)
  A water moccasin skeleton (D:6)
  3 howler monkeys
  3 crimson imps
  A quasit (D:7)
  A bullfrog skeleton (D:6)
  2 iguanas
  An orc wizard (D:4)
  4 worker ants
  A hound skeleton (D:7)
  A worker ant zombie (D:8)
  9 adders
  15 gnolls
  2 shadow imps
  An adder skeleton (D:5)
  An adder zombie (D:7)
  6 leopard geckos
  17 orcs
  16 giant cockroaches
  3 goblins
  4 hobgoblins
  5 jackals (D:4)
  4 quokkas
  9 bats
  13 frilled lizards
  A jackal skeleton (D:4)
  2 kobolds (D:1)
  6 rats
153 creatures vanquished.

Vanquished Creatures (collateral kills)
  An ogre (D:9)
1 creature vanquished.

Vanquished Creatures (others)
  A wizard (D:9)
  A sky beast (D:8)
  2 ogres
  5 jellies
  A crimson imp (D:6)
  2 bullfrog skeletons
  An orc wizard (D:8)
  A centaur skeleton (D:8)
  An iguana (D:8)
  A howler monkey zombie (D:5)
  An adder (D:4)
  A shadow imp (D:5)
  An adder zombie (D:8)
  2 leopard geckos
  15 orcs
  A ball python (D:3)
  2 giant cockroaches (D:3)
  A goblin (D:3)
  2 jackals (D:5)
  A quokka (D:6)
  2 frilled lizards
  A rat (D:3)
46 creatures vanquished.

Grand Total: 200 creatures vanquished

Notes
Turn   | Place    | Note
-------+----------+-------------------------------------------
     0 | D:1      | Dirian the Minotaur Fighter began the quest for the Orb.
     0 | D:1      | Reached XP level 1. HP: 19/19 MP: 0/0
   358 | D:1      | Reached XP level 2. HP: 16/27 MP: 1/1
   885 | D:2      | Reached skill level 3 in Long Blades
   885 | D:2      | Reached XP level 3. HP: 28/33 MP: 2/2
  1346 | D:2      | Found a faded altar of an unknown god.
  1757 | D:2      | Reached XP level 4. HP: 40/40 MP: 3/3
  1989 | D:2      | Became a worshipper of Jiyva Jajid the Shapeless
  1989 | D:2      | Reached * piety under Jiyva
  2069 | D:3      | Reached skill level 4 in Long Blades
  2222 | D:3      | Reached ** piety under Jiyva
  2531 | D:3      | Reached *** piety under Jiyva
  2839 | D:4      | Reached XP level 5. HP: 28/47 MP: 4/4
  2965 | D:4      | Reached skill level 5 in Long Blades
  3022 | D:4      | Gained mutation: You are frail. (-10% HP) [Jiyva's grace]
  3076 | D:4      | Reached **** piety under Jiyva
  3172 | D:4      | Reached XP level 6. HP: 18/47 MP: 5/5
  3360 | D:4      | Reached skill level 5 in Shields
  3507 | D:4      | Found a glowing drain.
  3525 | Sewer    | Entered a sewer
  3561 | Sewer    | Noticed Purgy
  3570 | Sewer    | Slimified Purgy
  3570 | Sewer    | Noticed Purgy
  3570 | Sewer    | Purgy changed into Purgy the jelly
  3602 | Sewer    | Gained mutation: You expend magic power (3 MP) to
                  | strengthen your wands. [Jiyva's grace]
  3849 | D:5      | Entered Level 5 of the Dungeon
  3982 | D:5      | Found a staircase to the Ecumenical Temple.
  4017 | D:5      | Reached skill level 5 in Armour
  4181 | D:5      | Reached ***** piety under Jiyva
  4277 | D:5      | Noticed a sky beast
  4300 | D:5      | Killed a sky beast
  4300 | D:5      | Reached skill level 6 in Long Blades
  4377 | D:5      | Gained mutation: You are agile. (Dex +2) [Jiyva's grace]
  4779 | D:6      | Reached XP level 7. HP: 54/54 MP: 6/6
  5765 | D:7      | Reached skill level 5 in Fighting
  5765 | D:7      | Reached skill level 7 in Long Blades
  5930 | D:7      | Lost mutation: You are frail. (-10% HP) [Jiyva's grace]
  6319 | D:7      | Reached skill level 8 in Long Blades
  6371 | D:7      | Reached XP level 8. HP: 65/68 MP: 7/7
  6990 | D:7      | Reached skill level 9 in Long Blades
  7124 | D:8      | Noticed a hippogriff
  7130 | D:7      | Killed a hippogriff
  7246 | D:8      | Noticed Prince Ribbit
  7248 | D:8      | Noticed a hippogriff
  7255 | D:8      | Slimified Prince Ribbit
  7255 | D:8      | Noticed Prince Ribbit
  7255 | D:8      | Prince Ribbit changed into Prince Ribbit the slime creature
  7258 | D:8      | Killed a hippogriff
  7307 | D:8      | Reached skill level 10 in Long Blades
  7316 | D:8      | Lost mutation: You are agile. (Dex +2) [Jiyva's grace]
  7404 | D:8      | Reached XP level 9. HP: 74/75 MP: 8/8
  7506 | D:8      | Gained mutation: You have sharp toenails. [Jiyva's grace]
  7533 | D:8      | Reached ****** piety under Jiyva
  7559 | D:8      | Found a stormy altar of Qazlal.
  7818 | D:9      | Gained mutation: You are partially covered in large bone
                  | plates. (SH +4) [Jiyva's grace]
  7838 | D:9      | Noticed a two-headed ogre
  7849 | D:9      | Killed a two-headed ogre
  7849 | D:9      | Reached skill level 11 in Long Blades
  7856 | D:9      | Lost mutation: You expend magic power (3 MP) to strengthen
                  | your wands. [Jiyva's grace]
  7871 | D:9      | Noticed a wizard
  7884 | D:9      | Killed a wizard
  7892 | D:9      | Noticed a freezing wraith
  7900 | D:9      | HP: 3/78 [freezing wraith (12)]
  7902 | D:9      | Slain by a freezing wraith

Illustrated notes

Levels and vault maps discovered:
D:1:      dpeg_arrival_short_road, layout_basic, minmay_lizard_king
D:2:      minmay_roachtagon, layout_loops_corners, first_ration,
          chequers_ecumenical_altar_simple_redux
D:3:      layout_loops_ring
D:4:      layout_basic, gup_sewer_entry_pipe
D:5:      layout_cave_pools, minmay_temple_entry_offerings, serial_glass,
          glass_columns_a, glass_columns_a, glass_columns_b, glass_columns_a,
          glass_columns_c, glass_columns_b, glass_columns_c, glass_columns_b,
          glass_columns_a, glass_columns_b, glass_columns_b, glass_columns_c,
          glass_columns_a, glass_columns_b, item_on_display_a
D:6:      layout_layer_cave
D:7:      layout_loops_cross
D:8:      layout_rooms, nicolae_qazlal_style_of_elements,
          hangedman_decor_slide_cut, uniq_prince_ribbit1
D:9:      minmay_the_grid_square_5x5_4x4 [minmay_the_grid_square_5x5_moneybag,
          minmay_the_grid_square_5x5_hourglass,
          minmay_the_grid_square_5x5_eight_small,
          minmay_the_grid_square_5x5_checkered,
          minmay_the_grid_square_5x5_beaten_path,
          minmay_the_grid_square_5x5_prize_junk,
          minmay_the_grid_square_5x5_prize_gold,
          minmay_the_grid_square_5x5_almost_minimal,
          minmay_the_grid_square_5x5_intrusive_squares,
          minmay_the_grid_square_5x5_prize_itemx,
          minmay_the_grid_square_5x5_prize_deathbox,
          minmay_the_grid_square_5x5_n_small, minmay_the_grid_square_5x5_meh,
          minmay_the_grid_square_5x5_lines, minmay_the_grid_square_5x5_mess,
          minmay_the_grid_square_5x5_half_checkered], layout_gridville,
          grunt_ogre_cave, minmay_tree_intersection

Skill      XL: |  1  2  3  4  5  6  7  8  9 |
---------------+----------------------------+-----
Armour         | 4 5 7 |  7.9
Shields        | 4 5 6 7 8 |  8.9
Fighting       | 4 5 6 |  6.7
Long Blades    | 3 4 5 6 8 10 11 | 11.8

Action                   |  1- 3 |  4- 6 |  7- 9 || total
-------------------------+-------+-------+-------++-------
Melee: Long sword        |   128 |   200 |   314 ||   642
       Headbutt          |    11 |    37 |    62 ||   110
Invok: Slimify           |       |     1 |     2 ||     3
  Use: Scroll            |       |     7 |     8 ||    15
       Potion            |       |     1 |       ||     1
  Eat: Chunk             |     3 |     2 |       ||     5
Armor: Scale mail        |    76 |    22 |       ||    98
       Chain mail        |       |   118 |   126 ||   244
Dodge: Dodged            |    53 |    56 |    75 ||   184
Block: Kite shield       |    88 |   117 |   173 ||   378
       Rpst.: Long sword |    10 |    17 |    15 ||    42
